 Dungeon Crawl Stone Soup version 0.25.1-2-g60ff931df9 (webtiles) character file.

Game seed: 367283330709573073

76 hawla the Stinger (level 4, -2/33 HPs)
             Began as a Draconian Venom Mage on Nov 13, 2020.
             Slain by a bullfrog skeleton (7 damage)
             ... on level 2 of the Dungeon.
             The game lasted 00:05:41 (2374 turns).

hawla the Stinger (Draconian Venom Mage)            Turns: 2374, Time: 00:05:42

Health: -2/33      AC:  5    Str: 10    XL:     4   Next: 12%
Magic:  1/8        EV: 12    Int: 16    God:
Gold:   64         SH:  0    Dex: 12    Spells: 6/9 levels left

rFire    . . .     SeeInvis .   (no weapon)
rCold    . . .     Gourm    .   (no shield)
rNeg     . . .     Faith    .   (armour unavailable)
rPois    .         Spirit   .   (helmet restricted)
rElec    .         Reflect  .   (no cloak)
rCorr    .         Harm     .   (no gloves)
MR       .....                  (no boots)
Stlth    ++........             (no amulet)
HPRegen  0.11/turn              (no ring)
MPRegen  0.11/turn              (no ring)

@: very slightly contaminated
A: unfitting armour, cold-blooded, AC +5
a: no special abilities


You were on level 2 of the Dungeon.
You were not hungry.

You visited 1 branch of the dungeon, and saw 2 of its levels.

You collected 64 gold pieces.

Inventory:

Missiles
 i - 21 poisoned darts (quivered)
Scrolls
 a - a scroll of identify
 c - 2 scrolls of remove curse
Potions
 d - a potion of curing
 e - a potion of lignification
 g - a potion of invisibility
 h - a potion of might {unknown}
 j - a potion of ambrosia {unknown}
 k - a potion of cancellation {unknown}
Comestibles
 b - 5 rations


   Skills:
 - Level 1.7 Dodging
 - Level 1.7 Stealth
 + Level 3.2 Spellcasting
 + Level 1.8 Transmutations
 + Level 1.1 Air Magic
 + Level 3.4 Poison Magic


You had 6 spell levels left.
You knew the following spells:

 Your Spells              Type           Power        Failure   Level  Hunger
a - Sting                 Tmut/Pois      ##..         6%          1    None
b - Poisonous Vapours     Pois/Air       #.....       11%         2    ##.....

Your spell library contained the following spells:

 Spells                   Type           Power        Failure   Level  Hunger
 Ignite Poison            Fire/Tmut/Pois #.......     26%         3    ###....
 Mephitic Cloud           Conj/Pois/Air  #.......     28%         3    ###....
 Olgreb's Toxic Radiance  Pois           ##......     41%         4    ####...


Dungeon Overview and Level Annotations

Branches:
Dungeon (2/15)

Altars:


Innate Abilities, Weirdness & Mutations

Your plain brown scales are hard. (AC +5)
You cannot fit into any form of body armour.
You are cold-blooded and may be slowed by cold attacks.


Message History

The sting hits the bullfrog skeleton.
The bullfrog skeleton partially resists.
The bullfrog skeleton is almost destroyed.
The bullfrog skeleton closely misses you.
The bullfrog skeleton hits you.
* * * LOW HITPOINT WARNING * * *
The bullfrog skeleton hits you.
* * * LOW HITPOINT WARNING * * *
You hit the bullfrog skeleton.
The bullfrog skeleton is almost destroyed.
The bullfrog skeleton hits you.
* * * LOW HITPOINT WARNING * * *
The bullfrog skeleton barely misses you.
You hit the bullfrog skeleton but do no damage.
The bullfrog skeleton is almost destroyed.
The bullfrog skeleton closely misses you.
You hit the bullfrog skeleton.
The bullfrog skeleton is almost destroyed.
The bullfrog skeleton hits you!
You die...

.# #....# .###....#
#.......# ........#
#.......# ###.....#
#.......# ....(...#
#....)..#
###.....#######.......#
.............##.......#
.............##.......#####
....####.)...##.@Z........##
...#####.....##......##.#..#
...# #.......##......##..#)#
...# #...########.######.#.#
)..# #...# #.# #.#[. ...#
#...# #.# #.##..
.#####...########.# #.. ...
..................# ##. ....
.################## .......


You could see a bullfrog skeleton.

Vanquished Creatures
  4 adders (D:2)
  A worm (D:2)
  A ball python (D:1)
  A giant cockroach (D:2)
  4 goblins
  4 hobgoblins
  3 jackals (D:2)
  A quokka (D:2)
  4 bats
  4 frilled lizards
  6 kobolds
  9 rats
42 creatures vanquished.

Notes
Turn   | Place    | Note
-------+----------+-------------------------------------------
     0 | D:1      | hawla the Draconian Venom Mage began the quest for the Orb.
     0 | D:1      | Reached XP level 1. HP: 14/14 MP: 3/3
   516 | D:1      | Reached XP level 2. HP: 20/20 MP: 3/5
   643 | D:1      | Learned a level 2 spell: Poisonous Vapours
  1543 | D:2      | Reached XP level 3. HP: 26/26 MP: 0/7
  2000 | D:2      | Reached skill level 1 in Air Magic
  2346 | D:2      | Reached XP level 4. HP: 30/33 MP: 4/8
  2374 | D:2      | Slain by a bullfrog skeleton

Illustrated notes

Levels and vault maps discovered:
D:1:      scummos_arrival_simple_fountains, layout_basic, st_stairs_4,
          minivault_4, minmay_curled_crystal
D:2:      kennysheep_the_goblin_king, layout_basic, first_ration, minmay_cupped

Skill      XL: |  1  2  3 |
---------------+----------+-----
Spellcasting   | 3 |  3.2
Air Magic      | 1 |  1.1
Dodging        | |  1.7
Stealth        | |  1.7
Transmutations | |  1.8
Poison Magic   | |  3.4

Action                   |  1- 3 |  4- 6 || total
-------------------------+-------+-------++-------
Melee: Unarmed           |    17 |    11 ||    28
       Tailslap          |     3 |     2 ||     5
 Cast: Sting             |    46 |     3 ||    49
       Poisonous Vapours |    25 |     1 ||    26
  Use: Scroll            |     4 |       ||     4
       Potion            |       |     1 ||     1
  Eat: Chunk             |     3 |       ||     3
       Ration            |     1 |       ||     1
Armor: Skin              |    12 |     2 ||    14
Dodge: Dodged            |    24 |    12 ||    36
